 Dungeon Crawl Stone Soup version 0.29-a0-330-g52719c12eb (webtiles) character file.

Game seed: 17125999211593492492

387 kae the Sneak (level 6, 0/30 HPs)
             Began as a Spriggan Enchanter on Apr 19, 2022.
             Slain by an iguana (5 damage)
             ... on level 4 of the Dungeon.
             The game lasted 00:03:14 (4313 turns).

kae the Sneak (Spriggan Enchanter)                  Turns: 4313, Time: 00:03:15

Health: 0/30       AC:  2    Str:  6    XL:     6   Next: 49%
Magic:  5/13       EV: 18    Int: 23    God:
Gold:   154        SH:  0    Dex: 15    Spells: 5/13 levels left

rFire   . . .      SeeInvis +   a - +1 dagger
rCold   . . .      Faith    .   (no shield)
rNeg    . . .      Spirit   .   b - +0 robe
rPois   .          Reflect  .   (helmet restricted)
rElec   .          Harm     .   (no cloak)
rCorr   .          Rampage  .   (gloves unavailable)
Will    ++...                   (boots unavailable)
Stlth   +++.......              (no amulet)
HPRegen 0.10/turn               i - +6 ring of intelligence
MPRegen 0.13/turn               m - ring of willpower

@: very slightly contaminated, very quick
A: very small, no large weapons, unfitting armour, see invisible, speed 3
a: no special abilities


You were on level 4 of the Dungeon.
You visited 1 branch of the dungeon, and saw 4 of its levels.

You collected 154 gold pieces.

Inventory:

Hand Weapons
 a - a +1 dagger (weapon)
Armour
 b - a +0 robe (worn)
Jewellery
 i - a +6 ring of intelligence (left hand)
 j - a ring of positive energy
 m - a ring of willpower (right hand)
 s - the ring "Exilibb" {rC+ MP+9}
   (You found it on level 4 of the Dungeon)

   [ring of magical power]

   rC:        It protects you from cold.
   MP:        It affects your magic capacity (+9).
Scrolls
 d - 4 scrolls of teleportation
 f - a scroll of silence
 q - a scroll of summoning {unknown}
 r - a scroll of blinking {unknown}
 t - a scroll of identify
Potions
 c - 2 potions of invisibility
 e - a potion of lignification {unknown}
 g - 4 potions of heal wounds
 h - 2 potions of brilliance {unknown}
 k - a potion of might {unknown}
 l - a potion of curing {unknown}
 n - 3 potions of haste {unknown}
 o - a potion of berserk rage {unknown}
 p - a potion of mutation {unknown}


   Skills:
 + Level 1.8 Fighting
 * Level 4.0 Short Blades
 + Level 4.2 Dodging
 + Level 5.9 Stealth
 + Level 4.0 Spellcasting
 + Level 4.6 Hexes


You had 5 spell levels left.
You knew the following spells:

 Your Spells              Type           Power      Damage    Failure   Level
a - Ensorcelled Hibernat  Hex/Ice        30%        N/A       6%          2
b - Confusing Touch       Hex            26%        N/A       4%          3
c - Tukima's Dance        Hex            26%        N/A       4%          3

Your spell library contained the following spells:

 Spells                   Type           Power      Damage    Failure   Level
 Magic Dart               Conj           16%        1d3       11%         1
 Sandblast                Erth           8%         2d5       11%         1
 Shock                    Conj/Air       16%        1d4       11%         1
 Dazzling Flash           Conj/Hex       30%        N/A       12%         3
 Blink                    Tloc           8%         N/A       16%         2
 Call Imp                 Summ           4%         N/A       16%         2
 Corpse Rot               Necr/Air       8%         N/A       16%         2
 Passwall                 Tmut/Erth      3%         N/A       16%         2
 Poisonous Vapours        Pois/Air       8%         N/A       16%         2
 Lesser Beckoning         Tloc           4%         N/A       30%         3
 Mephitic Cloud           Conj/Pois/Air  4%         N/A       30%         3
 Stone Arrow              Conj/Erth      8%         3d7       30%         3
 Swiftness                Air            4%         N/A       30%         3
 Airstrike                Air            2%         N/A       71%         4
 Manifold Assault         Tloc           4%         N/A       96%         5


Dungeon Overview and Level Annotations

Branches:
Dungeon (4/15)
 Temple: D:4-7

Altars:

Shops:
D:3 (


Innate Abilities, Weirdness & Mutations

You are very small and have problems with some larger weapons.
You are too small for most types of armour.
You have supernaturally acute eyesight. (SInv)
You cover ground extremely quickly. (Speed+++)


Message History

A worm is nearby!
Unknown command.
The helpless worm fails to defend itself.
You impale the worm!!
You kill the worm!
You see here a worm corpse.
An adder comes into view.
Casting: Ensorcelled Hibernation (safe; 6% risk of failure)
Confirm with . or Enter, or press ? or * to list all spells.
Aiming: Ensorcelled Hibernation (safe; 6% risk of failure)
Press: ? - help, Shift-Dir - straight line, f - iguana
Aim: an iguana (chance to affect: 57%)
The iguana resists with significant effort.
The iguana misses you.
Casting: Ensorcelled Hibernation (safe; 6% risk of failure)
Confirm with . or Enter, or press ? or * to list all spells.
Aiming: Ensorcelled Hibernation (safe; 6% risk of failure)
Press: ? - help, Shift-Dir - straight line, f/p - iguana
Aim: an iguana (chance to affect: 57%)
You miscast Ensorcelled Hibernation.
You are very lightly contaminated with residual magic.
Nothing appears to happen.
The iguana barely misses you.
You hit the iguana but do no damage. The iguana bites you.
Casting: Ensorcelled Hibernation (safe; 6% risk of failure)
Confirm with . or Enter, or press ? or * to list all spells.
Aiming: Ensorcelled Hibernation (safe; 6% risk of failure)
Press: ? - help, Shift-Dir - straight line, f/p - iguana
Aim: an iguana (chance to affect: 57%)
You miscast Ensorcelled Hibernation.
Nothing appears to happen.
The iguana bites you!
You hit the iguana but do no damage. The iguana bites you!
* * * LOW HITPOINT WARNING * * *
Casting: Ensorcelled Hibernation (safe; 6% risk of failure)
Confirm with . or Enter, or press ? or * to list all spells.
Aiming: Ensorcelled Hibernation (safe; 6% risk of failure)
Press: ? - help, Shift-Dir - straight line, f/p - iguana
Aim: an iguana (chance to affect: 57%)
You miscast Ensorcelled Hibernation.
Nothing appears to happen.
The iguana bites you.
You die...

...........#..
.....#........
..............
####.............
#.##.............
###.#.......<...... ###
#..........##......
#....##..........###....
#....l@†........###....
S.................##....
##.....###..............
#...## ##.............
#### #...###.........
#.#.............
.................
........#.........
........#.........


You could see an iguana and an adder (asleep).

Vanquished Creatures
  A centaur (D:4)
  A scorpion (D:4)
  A hound (D:4)
  A jelly (D:4)
  An iguana (D:4)
  Natasha (D:2)
  6 adders
  3 worms
  3 dart slugs
  5 ball pythons
  5 bats
  6 endoplasms
  2 giant cockroaches
  4 goblins
  4 hobgoblins
  8 jackals
  6 quokkas
  4 frilled lizards
  8 kobolds
  8 rats
78 creatures vanquished.

Vanquished Creatures (others)
  33 plants
33 creatures vanquished.

Grand Total: 111 creatures vanquished

Notes
Turn   | Place    | Note
-------+----------+-------------------------------------------
     0 | D:1      | kae the Spriggan Enchanter began the quest for the Orb.
     0 | D:1      | Reached XP level 1. HP: 9/9 MP: 5/5
   384 | D:1      | Reached XP level 2. HP: 13/14 MP: 6/6
   388 | D:1      | Learned a level 2 spell: Ensorcelled Hibernation
   635 | D:1      | Noticed an eye of devastation
   680 | D:1      | Found a faded altar of an unknown god.
   682 | D:1      | Noticed an eye of devastation
   682 | D:1      | Noticed a golden eye
   682 | D:1      | Noticed a shining eye
  1304 | D:2      | Noticed Natasha
  1306 | D:2      | Killed Natasha
  1307 | D:2      | Reached XP level 3. HP: 17/17 MP: 6/8
  1611 | D:2      | Reached skill level 1 in Fighting
  1947 | D:2      | Reached XP level 4. HP: 15/22 MP: 4/9
  2246 | D:2      | Reached skill level 5 in Stealth
  2965 | D:3      | Found Ykoplink's Antique Weapon Boutique.
  3628 | D:4      | Reached XP level 5. HP: 22/25 MP: 11/11
  3632 | D:4      | Learned a level 3 spell: Confusing Touch
  3636 | D:4      | Learned a level 3 spell: Tukima's Dance
  3925 | D:4      | Identified the ring "Exilibb" {rC+ MP+9}
  3973 | D:4      | Noticed a centaur
  3980 | D:4      | Killed a centaur
  3981 | D:4      | Reached XP level 6. HP: 21/30 MP: 5/12
  4313 | D:4      | Slain by an iguana

Illustrated notes

Levels and vault maps discovered:
D:1:      dpeg_arrival_tiny_h, layout_loops_corners,
          hellmonk_ecumenical_altar_watching_god, minivault_11
D:2:      layout_loops_ring, serial_bayou_crossing, uniq_natasha
D:3:      layout_rooms, serial_shops, nicolae_shop_trees
D:4:      layout_cave_pools, mainiacjoe_overflow_cross_hatched

Skill      XL: |  1  2  3  4  5  6 |
---------------+-------------------+-----
Short Blades   | 2 3 4 |  4.0
Dodging        | 3 4 |  4.2
Spellcasting   | 3 4 |  4.0
Fighting       | 1 |  1.8
Hexes          | 4 |  4.6
Stealth        | 5 |  5.9

Action                   |  1- 3 |  4- 6 || total
-------------------------+-------+-------++-------
Melee: Dagger            |    90 |    99 ||   189
 Cast: Ensorcelled Hiber |    13 |    42 ||    55
       Confusing Touch   |       |     1 ||     1
  Use: Scroll            |     4 |     1 ||     5
 Stab: Sleeping          |    21 |    35 ||    56
Armor: Robe              |    11 |    12 ||    23
Dodge: Dodged            |    59 |    92 ||   151

Table legend: (Time is in decaauts)
 A = Elapsed time spent in this place.
 B = Non-inter-level travel time spent in this place.
 C = Inter-level travel time spent in this place.
 D = Time resting spent in this place.
 E = Time spent auto-exploring this place.
 F = Levels seen in this place.
 G = Mean time per level.
                   A        B        C        D        E       F      G
               +--------+--------+--------+--------+--------+-----+--------+
         Total |   3439 |   3385 |     54 |    682 |   2172 |   4 |  859.8 |
       Dungeon |   3439 |   3385 |     54 |    682 |   2172 |   4 |  859.8 |
               +--------+--------+--------+--------+--------+-----+--------+

Top non-repeatable levels by time:
     D:1: 1052 daAuts
     D:2: 822 daAuts
     D:3: 797 daAuts
     D:4: 768 daAuts
